 Dungeon Crawl Stone Soup version 0.29.0-4-gdea44cf6ec (webtiles) character file.

Game seed: 3599468436224637766

57 qw the Chopper (level 3, -1/31 HPs)
             Began as a Minotaur Berserker on Sept 10, 2022.
             Was a Follower of Trog.
             Slain by a gnoll
             ... wielding a +0 club
              (4 damage)
             ... on level 2 of the Dungeon.
             The game lasted 00:00:28 (1343 turns).

qw the Chopper (Minotaur Berserker)                 Turns: 1343, Time: 00:00:29

Health: -1/31      AC:  3    Str: 23    XL:     3   Next: 73%
Magic:  2/2        EV: 11    Int:  4    God:    Trog [*.....]
Gold:   28         SH:  0    Dex:  9    Spells: 2/2 levels left

rFire   + . .      SeeInvis .   Y - +0 hand axe
rCold   . . .      Faith    .   (no shield)
rNeg    . . .      Spirit   .   d - +0 leather armour
rPois   .          Reflect  .   (helmet restricted)
rElec   .          Harm     .   (no cloak)
rCorr   .          Rampage  .   (no gloves)
Will    .....                   (no boots)
Stlth   +.........              (no amulet)
HPRegen 0.10/turn               h - ring of protection from fire
MPRegen 0.08/turn               (no ring)

@: on berserk cooldown, slowed, very slow
A: horns 2, retaliatory headbutt
a: Renounce Religion, Berserk


You were on level 2 of the Dungeon.
You worshipped Trog.
Trog was aware of your devotion.
You visited 1 branch of the dungeon, and saw 2 of its levels.

You collected 28 gold pieces.


Innate Abilities, Weirdness & Mutations

You have a pair of horns on your head.
You reflexively headbutt those who attack you in melee.


   Skills:
 - Level 3.6 Fighting
 + Level 5.7 Axes
 - Level 2.4 Armour
 - Level 2.1 Dodging


You had 2 spell levels left.
You didn't know any spells.
Your spell library was empty.

Inventory:

Hand Weapons
 g - a +0 mace
 Y - a +0 hand axe (weapon)
Armour
 d - a +0 leather armour (worn)
Jewellery
 h - a ring of protection from fire (left hand)
Scrolls
 f - 2 scrolls of identify

Dungeon Overview and Level Annotations

Branches:
Dungeon (2/15)

Altars:


Message History

The gnoll is severely wounded.
A kobold comes into view. It is wielding a +0 whip.
The gnoll hits you with a +0 spear.
You slice the gnoll!!
You kill the gnoll!
Trog accepts your kill.
You slash the ball python!
You kill the ball python!
Trog accepts your kill.
Things that are here:
a +0 spear; 12 stones; a gnoll corpse You feel a strong urge to attack something.
A gnoll comes into view. It is wielding a +2 whip of holy wrath.
You are no longer berserk.
You are exhausted.
You feel yourself slow down.
The gnoll shouts!
You hear a shout!
You hit the kobold.
You kill the kobold!
Trog accepts your kill.
A gnoll comes into view. It is wielding a +0 club. x2
You hit the gnoll but do no damage. The gnoll barely misses you.
The gnoll hits you with a +2 whip of holy wrath.
The gnoll barely misses you. You furiously retaliate!
You headbutt the gnoll. You hit the gnoll but do no damage.
The gnoll is moderately wounded.
You barely miss the gnoll. You closely miss the gnoll.
The gnoll hits you with a +0 club! The gnoll barely misses you.
You furiously retaliate!
You headbutt the gnoll, but do no damage.
The gnoll closely misses you.
You hit the gnoll. You headbutt the gnoll!
You kill the gnoll!
Trog accepts your kill.
You barely miss the gnoll. You hit the gnoll.
The gnoll hits you with a +2 whip of holy wrath!
The gnoll barely misses you. The gnoll completely misses you.
The gnoll hits you with a +0 club.
You die...

..........# ......
......J.......#
......###.... .........#
............#..#.......#
.....>......+ ......#.##
............######..#.##
..........###...........
......g..............###
#.)@.............'..
#.g..)...........###
....##....##........%.#
.... #...........####..
..................# #..
.. ...............# #..
. ................# #..
................# #..
...######.......# #..


You could see 2 gnolls.

Vanquished Creatures
  2 gnolls (D:2)
  2 adders (D:2)
  6 ball pythons
  3 endoplasms
  A giant cockroach (D:1)
  A goblin (D:1)
  A hobgoblin (D:2)
  6 jackals (D:1)
  4 bats
  2 kobolds (D:2)
  3 rats
31 creatures vanquished.

Notes
Turn   | Place    | Note
-------+----------+-------------------------------------------
     0 | D:1      | qw the Minotaur Berserker began the quest for the Orb.
     0 | D:1      | Reached XP level 1. HP: 19/19 MP: 0/0
     0 | D:1      | 0 ||| qw: Version: 0.1-a-116-g5d60599
     0 | D:1      | 0 ||| qw: Game counter: 7537
     0 | D:1      | 0 ||| qw: Always use a shield: true
     0 | D:1      | 0 ||| qw: Do Orc after D:15 true
     0 | D:1      | 0 ||| qw: Do second Lair branch before Depths: true
     0 | D:1      | 0 ||| qw: Lair rune preference: random
     0 | D:1      | 0 ||| qw: Plans: Normal
     0 | D:1      | 0 ||| PLANNING D:1-11
    19 | D:1      | 19 ||| Stepping ~*~*~tactically~*~*~ (stealth).
    21 | D:1      | 21 ||| Stepping ~*~*~tactically~*~*~ (stealth).
    27 | D:1      | Reached skill level 4 in Axes
   153 | D:1      | Reached XP level 2. HP: 26/26 MP: 1/1
   642 | D:1      | 642 ||| Stepping ~*~*~tactically~*~*~ (stealth).
   643 | D:1      | 643 ||| Stepping ~*~*~tactically~*~*~ (stealth).
   671 | D:1      | 671 ||| UPGRADING to +0 leather armour.
   681 | D:1      | 681 ||| DROPPING +0 animal skin.
   682 | D:1      | 682 ||| UPGRADING to ring of protection from fire.
   683 | D:1      | 683 ||| READING scroll labelled ENUMOA TIRIK.
   684 | D:1      | 684 ||| READING 3 scrolls labelled ZIHELURISA.
   685 | D:1      | 685 ||| READING 2 scrolls of identify.
   685 | D:1      | 685 ||| IDENTIFYING sedimented silvery potion
   686 | D:1      | 686 ||| DROPPING potion of lignification.
   905 | D:2      | Reached skill level 5 in Axes
   911 | D:2      | Reached ** piety under Trog
   965 | D:2      | Reached XP level 3. HP: 29/31 MP: 2/2
  1008 | D:2      | 1008 ||| INVOKING Berserk.
  1015 | D:2      | HP: 7/31 [poisoned by an adder]
  1022 | D:2      | 1022 ||| Stepping ~*~*~tactically~*~*~ (stealth).
  1042 | D:2      | 1042 ||| Stepping ~*~*~tactically~*~*~ (stealth).
  1112 | D:2      | 1112 ||| FLEEEEING.
  1113 | D:2      | 1113 ||| FLEEEEING.
  1117 | D:2      | 1117 ||| FLEEEEING.
  1118 | D:2      | 1118 ||| FLEEEEING.
  1123 | D:2      | 1123 ||| FLEEEEING.
  1128 | D:2      | 1128 ||| FLEEEEING.
  1132 | D:2      | 1132 ||| FLEEEEING.
  1133 | D:2      | 1133 ||| FLEEEEING.
  1138 | D:2      | 1138 ||| FLEEEEING.
  1139 | D:2      | 1139 ||| FLEEEEING.
  1140 | D:2      | 1140 ||| STAIRDANCE
  1321 | D:2      | 1321 ||| Stepping ~*~*~tactically~*~*~ (hiding).
  1322 | D:2      | 1322 ||| Stepping ~*~*~tactically~*~*~ (hiding).
  1325 | D:2      | 1325 ||| Stepping ~*~*~tactically~*~*~ (hiding).
  1329 | D:2      | 1329 ||| INVOKING Berserk.
  1343 | D:2      | HP: 3/31 [gnoll/+2 whip of holy wrath (7)]
  1343 | D:2      | Slain by a gnoll

Levels and vault maps discovered:
D:1:      lightli_arrival_maybe_door_vault, layout_loops_cross
D:2:      layout_basic

Skill      XL: |  1  2 |
---------------+-------+-----
Axes           | 4 5 |  5.7
Fighting       | |  3.6
Armour         | |  2.4
Dodging        | |  2.1

Action                   || total
-------------------------++-------
Melee: Hand axe          ||    64
       Headbutt          ||    11
Invok: Berserk           ||     2
  Use: Scroll            ||     3
Armor: Animal skin       ||     5
       Leather armour    ||     8
Dodge: Dodged            ||    40

Table legend:
 A = Non-vault XP
 B = Vault XP
 C = Vault XP percentage of total XP
 D = Non-vault monster count
 E = Vault monster count
 F = Vault count percentage of total count
                 A         B        C        D         E       F
            +---------+---------+-------+---------+---------+-------
      Total |      96 |       0 |   0.0 |      31 |       0 |   0.0
            +---------+---------+-------+---------+---------+-------
        D:1 |      26 |       0 |   0.0 |      15 |       0 |   0.0
        D:2 |      70 |       0 |   0.0 |      16 |       0 |   0.0
            +---------+---------+-------+---------+---------+-------
